Map: Ulrena

Players

zidar - Winner!

  • Race: Zerg Zerg
  • League: Gold
  • Spawn Location: 11:00

cylon

  • Race: Protoss Protoss
  • League: Silver
  • Spawn Location: 7:00

VOD

Have the link to the VOD?

Description

Time

  • Played on: May 21, 2016, 9 a.m.
  • Length: 10:44
Show
View Real Time Build Order
Export as new Build Order

zidar Zerg - Winner!

Build Orders: Pool First, Brood Lord Corruptor 

Get SALT Encoding   

  12  0:01  Drone  
  13  0:12  Overlord  
  13  0:18  Drone  
  14  0:31  Drone x2  
  14  0:34  Drone  
  17  0:48  Spawning Pool  
  17  0:49  Drone  
  17  1:24  Hatchery  
  16  1:55  Zergling x4  
  16  1:56  Zergling x2  
  19  2:26  Queen  
  19  2:27  Hatchery  
  20  2:30  Extractor  
  20  2:31  Drone  
  20  2:36  Drone  
  21  2:40  Drone  
  22  2:49  Drone x2  
  24  3:12  Drone x4  
  28  3:14  Overlord  
  28  3:33  Queen  
  30  3:38  Extractor  
  30  3:41  Roach Warren, Drone x4  
  32  3:51  Queen  
  32  3:54  Overlord  
  34  4:10  Evolution Chamber  
  33  4:28  Drone x6  
  33  4:29  Drone x4  
  43  4:36  Lair  
  43  4:54  Extractor  
  43  4:58  Extractor  
  41  5:00  Zerg Ground Armor Level 1  
  41  5:02  Overlord x3  
  41  5:30  Drone x12  
  53  5:45  Spire  
  52  5:51  Infestation Pit  
  51  5:59  Evolution Chamber  
  50  6:05  Pneumatized Carapace  
  50  6:11  Drone x9  
  59  6:43  Zerg Melee Weapons Level 1  
  59  6:44  Hive  
  59  6:59  Extractor  
  59  7:00  Extractor  
  57  7:02  Corruptor x4  
  57  7:03  Corruptor  
  67  7:13  Drone x6  
  67  7:14  Drone  
  74  7:16  Overlord x2  
  74  7:17  Overlord x3  
  74  7:33  Zerg Ground Armor Level 2  
  74  7:39  Corruptor x2  
  78  7:48  Zergling x2  
  78  7:49  Zergling x20  
  89  7:53  Metabolic Boost  
  89  8:00  Greater Spire  
  89  8:05  Overseer  
  89  8:13  Corruptor x3  
  95  8:37  Corruptor x3  
  101  8:42  Zergling x18  
  101  8:43  Zergling x4  
  112  8:53  Overlord  
  112  9:23  Spine Crawler x2  
  110  9:24  Drone x4  
  110  9:25  Spine Crawler  
  110  9:26  Spine Crawler x2  
  110  9:27  Drone x3  
  110  9:29  Spine Crawler  
  106  9:49  Mutalisk x4  
  107  10:01  Brood Lord  
  107  10:03  Brood Lord x4  
  107  10:04  Brood Lord  
  107  10:09  Spawning Pool  
  105  10:23  Hydralisk Den  
Show
View Real Time Build Order
Export as new Build Order

cylon Protoss 

Build Orders: Cannon Rush 

Get SALT Encoding   

  12  0:10  Pylon  
  12  0:13  Probe (Chrono Boost)  
  13  0:24  Probe (Chrono Boost)  
  14  0:31  Forge  
  15  0:35  Probe (Chrono Boost)  
  15  0:46  Probe (Chrono Boost)  
  16  0:56  Probe (Chrono Boost)  
  17  1:02  Pylon  
  17  1:14  Photon Cannon  
  17  1:21  Photon Cannon  
  17  1:25  Pylon  
  17  1:45  Photon Cannon  
  16  1:55  Assimilator  
  16  2:00  Pylon  
  16  2:03  Assimilator  
  16  2:06  Gateway  
  17  2:08  Probe (Chrono Boost)  
  17  2:12  Photon Cannon  
  17  2:37  Photon Cannon  
  17  2:42  Photon Cannon  
  17  2:45  Photon Cannon  
  17  2:49  Photon Cannon  
  17  3:00  Cybernetics Core  
  17  3:27  Nexus  
  17  3:41  Probe (Chrono Boost)  
  18  3:51  Probe (Chrono Boost)  
  18  3:52  Warp Gate (Chrono Boost)  
  19  4:02  Probe (Chrono Boost)  
  20  4:10  Pylon  
  20  4:12  Probe (Chrono Boost)  
  20  4:14  Pylon  
  21  4:23  Probe (Chrono Boost)  
  22  4:33  Probe (Chrono Boost)  
  22  4:35  Assimilator  
  22  4:37  Assimilator  
  23  4:40  Probe (Chrono Boost)  
  24  4:49  Probe (Chrono Boost)  
  25  4:59  Probe  
  26  5:09  Pylon  
  26  5:10  Probe  
  27  5:15  Pylon  
  27  5:20  Probe, Pylon  
  28  5:31  Probe, Pylon  
  28  5:34  Gateway  
  29  5:37  Pylon  
  29  5:41  Probe  
  29  5:42  Gateway  
  29  5:48  Gateway  
  30  5:52  Probe  
  31  6:02  Probe  
  31  6:08  Protoss Air Weapons Level 1 (Chrono Boost), Protoss Shields Level 1  
  32  6:13  Probe  
  32  6:18  Stargate  
  33  6:20  Stargate  
  33  6:23  Probe  
  34  6:26  Stargate  
  34  6:48  Probe  
  35  6:59  Probe  
  36  7:05  Void Ray x2  
  44  7:09  Void Ray  
  44  7:10  Probe  
  49  7:20  Probe  
  50  7:31  Probe  
  51  7:41  Probe  
  52  7:48  Void Ray x2 (Chrono Boost)  
  60  7:58  Void Ray (Chrono Boost)  
  72  8:27  Void Ray x2 (Chrono Boost), Zealot x3  
  72  8:28  Zealot  
  80  8:47  Zealot  
  80  8:48  Zealot x2  
  84  8:49  Zealot  
Tags
 
Add a new tag
Caveats
  • Supply blocks, unpowered buildings, or Contaminate may cause inaccurate times.
  • Supply counts are checked every 10 seconds.